 Dungeon Crawl Stone Soup version 0.25-a0-822-g6581751b11 (webtiles) character file.

Game seed: 17096078981281758558, levelgen mode: deterministic

233 Lavandula the Slasher (level 6, -7/32 HPs)
             Began as a Vine Stalker Chaos Knight on Apr 20, 2020.
             Was a Plaything of Xom.
             Mangled by a spiny frog (shapeshifter) (14 damage)
             ... in a sewer.
             The game lasted 00:06:50 (1406 turns).

Lavandula the Slasher (Vine Stalker Chaos Knight)   Turns: 1406, Time: 00:06:50

Health: -7/32      AC:  6    Str: 14    XL:     6   Next: 4%
Magic:  0/7        EV: 11    Int: 12    God:    Xom [..*...]
Gold:   135        SH:  0    Dex: 16    Spells: 5/5 levels left

rFire    . . .     SeeInvis .   a - +0 falchion (chaos)
rCold    . . .     Gourm    .   (no shield)
rNeg     . . .     Faith    .   b - +2 leather armour
rPois    .         Spirit   +   p - +0 helmet
rElec    .         Reflect  .   (no cloak)
rCorr    .         Harm     .   (no gloves)
MR       .....                  (no boots)
Stlth    +.........             (no amulet)
HPRegen  0.50/turn              (no ring)
MPRegen  0.10/turn              (no ring)

@: lethally poisoned (-7 -> -17), about to teleport, slowed, very slow
A: fangs 2, regeneration 1, magic shield, antimagic bite, no potion heal 3, rot
immunity
a: Renounce Religion


You were in a sewer.
You worshipped Xom.
You were a toy of Xom.
You were not hungry.

You visited 1 branch of the dungeon, and saw 4 of its levels.
You also visited: Sewer.

You collected 135 gold pieces.

Inventory:

Hand Weapons
 a - a +0 falchion of chaos (weapon)
Missiles
 h - 2 curare-tipped darts (quivered)
Armour
 b - a +2 leather armour (worn)
 p - a +0 helmet (worn)
Scrolls
 d - a scroll of remove curse
 o - a scroll of identify {unknown}
 q - a scroll of fog {unknown}
Potions
 f - a potion of heal wounds
 g - a potion of brilliance
 i - a potion of invisibility {unknown}
 j - a potion of magic
 l - a potion of degeneration {unknown}
 n - a potion of mutation {unknown}
Comestibles
 c - 3 rations
 r - 3 chunks of flesh


   Skills:
 - Level 2.6 Fighting
 + Level 6.0 Long Blades
 - Level 1.5 Armour
 - Level 0.7 Dodging


You had 5 spell levels left.
You didn't know any spells.
Your spell library was empty.

Dungeon Overview and Level Annotations

Branches:
Dungeon (4/15)             Temple (0/1) D:4           Sewer (1/1)

Altars:
Fedhas
Kikubaaqudgha
Makhleb

Annotations:
D:3 Sigmund


Innate Abilities, Weirdness & Mutations

You have extremely sharp teeth.
Your natural rate of healing is unusually fast.
When hurt, damage is shared between your health and your magic reserves.
Your bite disrupts and absorbs the magic of your enemies.
Potions cannot restore your health.
You are immune to rotting.


Message History

The spiny frog stings you.
You are lethally poisoned!
The spiny frog poisons you! The kobold barely misses you.
The hornet barely misses you. The spiny frog closely misses you.
You riposte.
Your unstable footing causes you to fumble your attack.
The kobold closely misses you.
You see here a kobold corpse.
Okay, then.
Okay, then.
As you read the scroll of teleportation, it crumbles to dust.
You feel strangely unstable.
* * * LOW HITPOINT WARNING * * *
You feel very sick. The hornet stings you.
* * * LOW HITPOINT WARNING * * *
You feel as though you will be slow longer.
The spiny frog closely misses you. The hornet closely misses you.
The spiny frog stings you!
You die...
Xom roars with laughter!

### #∩# ############
###.###..≈..≈....# #
####.....≈≈≈≈.≈≈≈≈≈.# ..
≈≈≈≈≈≈≈≈≈≈≈≈≈≈≈≈≈≈≈≈#...
≈≈≈≈≈≈≈≈≈≈≈≈≈≈≈≈≈≈≈.....
≈≈≈≈≈≈≈≈≈≈≈≈≈≈≈≈≈≈≈.#
####.......≈≈.≈F@≈.≈#
#######≈≈...yK≈≈.#
##≈######### #≈# #≈# #≈#
#≈# #≈# #≈#


You could see a spiny frog shaped shifter, a hornet shaped shifter and a kobold.

Vanquished Creatures
  An orc priest (D:3)
  An orc wizard (D:2)
  A worker ant (D:2)
  Robin (D:3)
  4 adders
  2 river rats (Sewer)
  2 worms (D:2)
  A dart slug (D:1)
  A leopard gecko (D:2)
  5 orcs
  4 giant cockroaches
  11 goblins
  11 hobgoblins
  7 jackals
  2 quokkas (D:2)
  A ball python (D:1)
  6 bats
  3 frilled lizards (D:2)
  3 kobolds
  7 rats
74 creatures vanquished.

Notes
Turn   | Place    | Note
-------+----------+-------------------------------------------
     0 | D:1      | Lavandula the Vine Stalker Chaos Knight began the quest for
                  | the Orb.
     0 | D:1      | Reached XP level 1. HP: 11/11 MP: 2/2
   141 | D:1      | Reached skill level 3 in Long Blades
   186 | D:1      | Reached XP level 2. HP: 16/16 MP: 3/3
   576 | D:2      | Reached XP level 3. HP: 19/19 MP: 4/4
   596 | D:2      | Reached skill level 4 in Long Blades
   597 | D:2      | Gained mutation: Your natural rate of healing is unusually
                  | fast. [Vine Stalker growth]
   597 | D:2      | Reached XP level 4. HP: 8/23 MP: 2/5
   705 | D:2      | XOM: silly message
   724 | D:2      | XOM: chaos upgrade
   842 | D:3      | Noticed Sigmund
   844 | D:3      | XOM: potion effect (haste)
   859 | D:2      | Found a blossoming altar of Fedhas.
   860 | D:2      | Found an ancient bone altar of Kikubaaqudgha.
   931 | D:2      | XOM: potion effect (brilliance)
   933 | D:2      | Reached skill level 5 in Long Blades
   933 | D:2      | Reached XP level 5. HP: 24/27 MP: 6/6
   986 | D:3      | XOM: butterfly on damage
  1045 | D:3      | XOM: noise
  1058 | D:3      | Noticed Robin
  1072 | D:3      | Killed Robin
  1153 | D:3      | XOM: silly message
  1189 | D:3      | XOM: potion effect (invisibility)
  1233 | D:4      | Found a burning altar of Makhleb.
  1252 | D:4      | Found a glowing drain.
  1266 | Sewer    | Entered a sewer
  1277 | Sewer    | HP: 1/27 [river rat (4)]
  1282 | Sewer    | XOM: noise
  1288 | Sewer    | Reached XP level 6. HP: 5/32 MP: 1/7
  1395 | Sewer    | Reached skill level 6 in Long Blades
  1396 | Sewer    | Noticed a shapeshifter
  1396 | Sewer    | a big kobold changed into a shapeshifter
  1396 | Sewer    | Noticed a hornet
  1396 | Sewer    | a shapeshifter changed into a hornet
  1402 | Sewer    | Paralysed by a hornet for 1 turns
  1403 | Sewer    | Noticed a spiny frog
  1403 | Sewer    | a hornet changed into a spiny frog
  1406 | Sewer    | Mangled by a spiny frog (shapeshifter)

Levels and vault maps discovered:
D:1:      lemuel_arrival_funnel, layout_loops_corners
D:2:      layout_basic, grunt_temple_overflow_growth_and_decay
D:3:      layout_rooms, lemuel_doored_altar, kennysheep_donut,
          minmay_quadrilaterals, uniq_robin, uniq_sigmund
D:4:      layout_rooms, dancing_weapons_uskayaw, kennysheep_little_box,
          minmay_temple_entry_hall, portal_sewer_entry_d, grunt_ministairs_13,
          minmay_bisected
Sewer:    sewer_kobolds

Skill      XL: |  1  2  3  4  5  6 |
---------------+-------------------+-----
Long Blades    | 3 4 5 6 |  6.0
Fighting       | |  2.6
Armour         | |  1.5
Dodging        | |  0.7

Action                   |  1- 3 |  4- 6 || total
-------------------------+-------+-------++-------
Melee: Falchion          |    57 |   129 ||   186
       Bite              |    10 |    41 ||    51
Throw: Dart              |       |     2 ||     2
       Throwing net      |       |     2 ||     2
  Use: Scroll            |       |     7 ||     7
       Potion            |       |     3 ||     3
 Stab: Confused          |     1 |     1 ||     2
       Distracted        |       |     1 ||     1
       Petrified         |       |     7 ||     7
       Invisible         |       |     5 ||     5
       Petrifying        |       |     1 ||     1
  Eat: Chunk             |       |     2 ||     2
Armor: Leather armour    |    19 |    39 ||    58
Dodge: Dodged            |    34 |    99 ||   133
       Rpst.: Falchion   |    11 |    31 ||    42

Table legend:
 A = Non-vault XP
 B = Vault XP
 C = Vault XP percentage of total XP
 D = Non-vault monster count
 E = Vault monster count
 F = Vault count percentage of total count
                 A         B        C        D         E       F
            +---------+---------+-------+---------+---------+-------
      Total |     251 |      82 |  24.6 |      55 |      19 |  25.7
            +---------+---------+-------+---------+---------+-------
        D:1 |      22 |       0 |   0.0 |      12 |       0 |   0.0
        D:2 |     155 |       8 |   4.9 |      32 |       4 |  11.1
        D:3 |      66 |      29 |  30.5 |       7 |       8 |  53.3
        D:4 |       8 |      14 |  63.6 |       4 |       1 |  20.0
      Sewer |       0 |      31 | 100.0 |       0 |       6 | 100.0
            +---------+---------+-------+---------+---------+-------
